Boston Bruins vs Calgary Flames
Created - Sunday, September 24, 2023 at 09:09
Goals
|
| Boston Bruins |
1 |
0 |
2 |
3 |
| Calgary Flames |
1 |
1 |
0 |
2 |
|
Shots
|
| Boston Bruins |
5 |
20 |
12 |
37 |
| Calgary Flames |
8 |
14 |
18 |
40 |
|
1st period
1. Calgary Flames , Zach Hyman 9 (Sebastian Aho 17) at 4:47
2. Boston Bruins , Joel Farabee 11 (Anthony Beauvillier 10, Ryan Donato 11) at 14:11 (PP)
Penalties :
Charlie McAvoy (BOS) for Interference (Minor) at 0:26, Matthew Tkachuk (CGY) for High sticking (Minor) at 5:33, Timo Meier (CGY) for Holding (Minor) at 13:56, Joel Farabee (BOS) for Hooking (Minor) at 16:39, Joel Eriksson Ek (CGY) for Tripping (Minor) at 19:55
2nd period
3. Calgary Flames , Sebastian Aho 13 (Zach Hyman 16) at 2:55 (PP)
Penalties :
Austin Wagner (BOS) for High sticking (Minor) at 2:28, Nic Dowd (CGY) for Cross-checking (Minor) at 6:51
3rd period
4. Boston Bruins , Dylan Gambrell 2 (Samuel Girard 6, Sean Durzi 6) at 1:19
5. Boston Bruins , Nicholas Merkley 8 (John-Jason Peterka 8, Charlie McAvoy 14) at 15:24
Penalties :
Charlie McAvoy (BOS) for High sticking (Minor) at 1:53, Michael Anderson (CGY) for Hooking (Minor) at 17:01
Goalie Stats
Pyotr Kochetkov (BOS), 38 saves from 40 shots - (0.950), W, 9-9-2, 60:00 minutes
Ilya Sorokin (CGY), 34 saves from 37 shots - (0.919), L, 6-6-0, 59:25 minutes
Players Stats for Boston Bruins
Player Name G A P +/- PIM S H SB GA TA FO MP PP MP PK MP
------------------------------------------------------------------------------------
Anthony Beauvillier 0 1 1 0 0 4 3 0 0 0 0/1 19:54 3:56 3:15
Austin Wagner 0 0 0 1 2 0 1 0 0 0 0/0 6:51 0:00 0:00
Brandon Hagel 0 0 0 0 0 2 3 0 1 0 1/4 20:04 4:15 3:06
Charlie McAvoy 0 1 1 1 4 2 1 3 1 0 0/0 24:40 3:49 1:10
Dylan Gambrell 1 0 1 1 0 1 0 0 1 1 0/3 6:52 0:00 0:00
Joe Veleno 0 0 0 0 0 1 3 0 0 0 2/10 14:14 0:00 0:19
Joel Farabee 1 0 1 0 2 6 1 1 0 0 0/0 15:45 3:56 0:00
John-Jason Peterka 0 1 1 0 0 2 1 0 0 0 3/4 13:32 0:14 0:00
Mathieu Olivier 0 0 0 1 0 0 6 0 0 1 0/0 6:52 0:00 0:00
Matt Grzelcyk 0 0 0 0 0 0 0 1 0 0 0/0 12:02 0:00 0:21
Nicholas Merkley 1 0 1 0 0 3 1 0 0 0 1/1 13:14 0:02 0:00
Pavel Zacha 0 0 0 0 0 3 0 1 0 0 9/21 19:57 4:13 3:06
Phil Kessel 0 0 0 0 0 2 2 1 0 0 2/5 19:50 4:11 2:59
Ryan Donato 0 1 1 0 0 3 1 0 0 0 6/21 15:36 3:46 0:03
Samuel Girard 0 1 1 0 0 3 1 1 0 0 0/0 23:15 4:22 3:08
Sean Durzi 0 1 1 0 0 1 3 4 0 2 0/0 22:08 4:22 3:08
Tyson Barrie 0 0 0 1 0 2 1 6 0 0 0/0 26:19 3:49 3:16
Victor Mete 0 0 0 0 0 2 0 2 0 1 0/0 12:27 0:00 1:45
Players Stats for Calgary Flames
Player Name G A P +/- PIM S H SB GA TA FO MP PP MP PK MP
------------------------------------------------------------------------------------
Drew Doughty 0 0 0 0 0 1 0 4 0 0 0/0 10:39 2:13 2:17
J.T. Miller 0 0 0 -2 0 0 1 0 0 0 11/18 13:49 2:14 0:00
Jacob Peterson 0 0 0 0 0 0 0 0 0 0 0/0 8:06 0:00 0:00
Jeff Petry 0 0 0 0 0 4 3 2 0 0 0/0 25:19 2:12 4:33
Joel Eriksson Ek 0 0 0 1 2 2 1 0 0 0 3/4 16:18 0:00 2:46
Kris Letang 0 0 0 -2 0 1 2 0 1 0 0/0 23:52 4:12 4:05
Logan Couture 0 0 0 0 0 3 1 0 0 0 7/12 11:40 0:00 0:00
Mathieu Joseph 0 0 0 0 0 0 1 0 0 0 3/4 13:14 0:00 4:43
Matthew Tkachuk 0 0 0 -2 2 3 1 1 1 0 0/0 15:43 2:14 0:06
Michael Anderson 0 0 0 0 2 1 0 0 0 0 0/0 15:32 0:00 0:46
Nic Dowd 0 0 0 0 2 2 2 0 0 0 2/4 11:20 0:00 2:50
Rafael Harvey-Pinard 0 0 0 0 0 0 0 0 0 0 0/1 16:09 0:00 4:00
Rasmus Andersson 0 0 0 -1 0 1 1 2 0 0 0/0 20:44 1:59 0:25
Ryan McDonagh 0 0 0 1 0 1 0 3 0 2 0/0 23:29 2:12 4:16
Sebastian Aho 1 1 2 1 0 3 2 1 0 0 18/25 18:55 4:10 1:54
Timo Meier 0 0 0 0 2 5 2 0 2 1 0/0 16:17 4:10 0:00
Valeri Nichushkin 0 0 0 -2 0 5 2 0 0 0 0/0 14:40 2:14 0:03
Zach Hyman 1 1 2 1 0 8 1 0 1 0 2/2 15:58 4:10 0:00
3 Stars
1 - Pyotr Kochetkov (BOS)
2 - Sebastian Aho (CGY)
3 - Zach Hyman (CGY)
Power Play
Boston Bruins - 1 on 5 Attempt(s) - 20.00%
Calgary Flames - 1 on 4 Attempt(s) - 25.00%
Penalty Kill
Boston Bruins - 3 on 4 Attempt(s) - 75.00%
- Score 0 goal in Penalty Kill
Calgary Flames - 4 on 5 Attempt(s) - 80.00%
- Score 0 goal in Penalty Kill
Team Stat
Boston Bruins - Hits : 28 - Faceoff Wins : 24 - Blocked Shots : 20 - Penalty Minutes : 8
Calgary Flames - Hits : 20 - Faceoff Wins : 46 - Blocked Shots : 13 - Penalty Minutes : 10
Official
Referees : Graham Skiliter and Brian Pochmara
Linesman : Tim Nowak and Derek Amell
Game Notes
Drew Doughty is injured at 4:53 of 2nd period (Left Leg)
Finance
Level 1 -- Attendance: 4354 (72.57%) -- Ticket Income $435,400
Level 2 -- Attendance: 3922 (78.44%) -- Ticket Income $235,320
Level 3 -- Attendance: 2222 (74.07%) -- Ticket Income $77,770
Level 4 -- Attendance: 4007 (80.14%) -- Ticket Income $100,175
Luxury Box -- Attendance: 744 (74.40%) -- Ticket Income $148,800
Game was played at the Scotiabank Saddledome.
Total Attendance: 15249 (76.25%)
Total Ticket Income: $997,465
Other Income: $349,113
Total Income: $1,346,578
Boston Bruins
5 vs 5 Forward
Center Left Wing Right Wing Time % Phy DF OF
1 Pavel Zacha Brandon Hagel Phil Kessel 30 1 2 2
2 Ryan Donato Anthony Beauvillier Joel Farabee 30 1 2 2
3 Joe Veleno John-Jason Peterka Nicholas Merkley 25 1 2 2
4 Dylan Gambrell Austin Wagner Mathieu Olivier 15 1 2 2
5 vs 5 Defense
Defense Defense Time % Phy DF OF
1 Charlie McAvoy Tyson Barrie 30 1 2 2
2 Sean Durzi Samuel Girard 30 1 2 2
3 Matt Grzelcyk Victor Mete 25 1 2 2
4 Charlie McAvoy Tyson Barrie 15 1 2 2
PowerPlay Forward
Center Left Wing Right Wing Time % Phy DF OF
1 Pavel Zacha Brandon Hagel Phil Kessel 50 1 2 2
2 Ryan Donato Anthony Beauvillier Joel Farabee 50 1 2 2
PowerPlay Defense
Defense Defense Time % Phy DF OF
1 Charlie McAvoy Tyson Barrie 50 1 2 2
2 Sean Durzi Samuel Girard 50 1 2 2
Penalty Kill 4 Players Forward
Center Wing Time % Phy DF OF
1 Brandon Hagel Pavel Zacha 50 1 2 2
2 Phil Kessel Anthony Beauvillier 50 1 2 2
Penalty Kill 4 Players Defense
Defense Defense Time % Phy DF OF
1 Charlie McAvoy Tyson Barrie 50 1 2 2
2 Sean Durzi Samuel Girard 50 1 2 2
Penalty Kill - 3 Players Forward
Forward Time % Phy DF OF
1 Brandon Hagel 50 1 2 2
2 Pavel Zacha 50 1 2 2
Penalty Kill - 3 Players Defense
Defense Defense Time % Phy DF OF
1 Charlie McAvoy Tyson Barrie 50 1 2 2
2 Sean Durzi Samuel Girard 50 1 2 2
4 vs 4 Forward
Center Wing Time % Phy DF OF
1 Brandon Hagel Pavel Zacha 50 1 2 2
2 Phil Kessel Anthony Beauvillier 50 1 2 2
4 vs 4 Defense
Defense Defense Time % Phy DF OF
1 Charlie McAvoy Tyson Barrie 50 1 2 2
2 Sean Durzi Samuel Girard 50 1 2 2
Last Minutes Offensive
Center Left Wing Right Wing Defense Defense
Pavel Zacha Brandon Hagel Phil Kessel Charlie McAvoy Tyson Barrie
Last Minutes Defensive
Center Left Wing Right Wing Defense Defense
Pavel Zacha Brandon Hagel Phil Kessel Charlie McAvoy Tyson Barrie
Goaltenders
Starting : Pyotr Kochetkov
Backup : Kyle Keyser
Extra Forwards
Normal : John-Jason Peterka, Nicholas Merkley, Joe Veleno - PP : John-Jason Peterka, Nicholas Merkley - PK : Joe Veleno
Extra Defensemen
Normal : Matt Grzelcyk, Victor Mete, Sean Durzi - PP : Matt Grzelcyk - PK : Victor Mete, Sean Durzi
Penalty Shots
Brandon Hagel, Pavel Zacha, Phil Kessel, Anthony Beauvillier, Joel Farabee
Calgary Flames
5 vs 5 Forward
Center Left Wing Right Wing Time % Phy DF OF
1 J.T. Miller Matthew Tkachuk Valeri Nichushkin 31 1 1 2
2 Sebastian Aho Zach Hyman Joel Eriksson Ek 30 1 2 2
3 Logan Couture Rafael Harvey-Pinard Timo Meier 29 1 2 2
4 Nic Dowd Jacob Peterson Mathieu Joseph 10 1 2 2
5 vs 5 Defense
Defense Defense Time % Phy DF OF
1 Kris Letang Drew Doughty 35 1 2 2
2 Jeff Petry Ryan McDonagh 35 1 2 2
3 Rasmus Andersson Michael Anderson 30 1 2 2
4 Kris Letang Drew Doughty 0 1 2 2
PowerPlay Forward
Center Left Wing Right Wing Time % Phy DF OF
1 J.T. Miller Matthew Tkachuk Valeri Nichushkin 50 0 0 5
2 Sebastian Aho Zach Hyman Timo Meier 50 0 0 5
PowerPlay Defense
Defense Defense Time % Phy DF OF
1 Kris Letang Drew Doughty 50 0 2 3
2 Jeff Petry Ryan McDonagh 50 0 2 3
Penalty Kill 4 Players Forward
Center Wing Time % Phy DF OF
1 Joel Eriksson Ek Rafael Harvey-Pinard 50 0 5 0
2 Nic Dowd Mathieu Joseph 50 0 5 0
Penalty Kill 4 Players Defense
Defense Defense Time % Phy DF OF
1 Kris Letang Drew Doughty 50 0 5 0
2 Jeff Petry Ryan McDonagh 50 0 5 0
Penalty Kill - 3 Players Forward
Forward Time % Phy DF OF
1 J.T. Miller 50 0 5 0
2 Sebastian Aho 50 0 5 0
Penalty Kill - 3 Players Defense
Defense Defense Time % Phy DF OF
1 Kris Letang Drew Doughty 50 0 5 0
2 Jeff Petry Ryan McDonagh 50 0 5 0
4 vs 4 Forward
Center Wing Time % Phy DF OF
1 J.T. Miller Matthew Tkachuk 50 1 2 2
2 Sebastian Aho Logan Couture 50 1 2 2
4 vs 4 Defense
Defense Defense Time % Phy DF OF
1 Kris Letang Drew Doughty 50 1 2 2
2 Jeff Petry Ryan McDonagh 50 1 2 2
Last Minutes Offensive
Center Left Wing Right Wing Defense Defense
J.T. Miller Matthew Tkachuk Sebastian Aho Kris Letang Drew Doughty
Last Minutes Defensive
Center Left Wing Right Wing Defense Defense
J.T. Miller Sebastian Aho Valeri Nichushkin Kris Letang Drew Doughty
Goaltenders
Starting : Ilya Sorokin
Backup : Samuel Montembeault
Extra Forwards
Normal : Nic Dowd, Joel Eriksson Ek, Mathieu Joseph - PP : Nic Dowd, Joel Eriksson Ek - PK : Mathieu Joseph
Extra Defensemen
Normal : Rasmus Andersson, Michael Anderson, Jeff Petry - PP : Rasmus Andersson - PK : Michael Anderson, Jeff Petry
Penalty Shots
J.T. Miller, Matthew Tkachuk, Sebastian Aho, Logan Couture, Joel Eriksson Ek
% Time on Ice - Boston Bruins
Lines # - Real PCT - Wanted PCT - Time Play
Normal Forward
1 - 29% - 30% - 12:43
2 - 29% - 30% - 12:43
3 - 27% - 25% - 12:13
4 - 15% - 15% - 6:52
Normal Defense
1 - 30% - 30% - 13:27
2 - 33% - 30% - 14:38
3 - 26% - 25% - 11:33
4 - 11% - 15% - 4:53
PP Forward
1 - 52% - 50% - 4:15
2 - 48% - 50% - 3:56
PP Defense
1 - 47% - 50% - 3:49
2 - 53% - 50% - 4:22
PK Forward
1 - 48% - 50% - 3:06
2 - 52% - 50% - 3:18
PK Defense
1 - 51% - 50% - 3:16
2 - 49% - 50% - 3:08
PK3 Forward
1 - 0% - 50%
2 - 0% - 50%
PK3 Defense
1 - 0% - 50%
2 - 0% - 50%
44 Forward
1 - 0% - 50%
2 - 0% - 50%
44 Defense
1 - 0% - 50%
2 - 0% - 50%
Last Minute Offensive - 0:00
Last Minute Defensive - 0:54
Total
Forward - 60:00
Defense - 60:00
|
% Time on Ice - Calgary Flames
Lines # - Real PCT - Wanted PCT - Time Play
Normal Forward
1 - 29% - 31% - 12:52
2 - 27% - 30% - 12:13
3 - 26% - 29% - 11:40
4 - 18% - 10% - 8:06
Normal Defense
1 - 35% - 35% - 15:52
2 - 35% - 35% - 15:45
3 - 30% - 30% - 13:14
4 - 0% - 0% - 0:00
PP Forward
1 - 35% - 50% - 2:14
2 - 65% - 50% - 4:10
PP Defense
1 - 66% - 50% - 4:12
2 - 34% - 50% - 2:12
PK Forward
1 - 51% - 50% - 4:09
2 - 49% - 50% - 4:02
PK Defense
1 - 54% - 50% - 4:23
2 - 46% - 50% - 3:48
PK3 Forward
1 - 0% - 50%
2 - 0% - 50%
PK3 Defense
1 - 0% - 50%
2 - 0% - 50%
44 Forward
1 - 0% - 50%
2 - 0% - 50%
44 Defense
1 - 0% - 50%
2 - 0% - 50%
Last Minute Offensive - 0:34
Last Minute Defensive - 0:00
Total
Forward - 60:00
Defense - 60:00
|
Play-by-Play
1st period
0:01 of 1st period - Pavel Zacha wins face-off versus J.T. Miller in neutral zone.
0:26 of 1st period - Minor Penalty to Charlie McAvoy for Interference.
0:27 of 1st period - Phil Kessel wins face-off versus J.T. Miller in Boston Bruins zone.
0:54 of 1st period - Anthony Beauvillier is hit by Sebastian Aho and loses puck.
2:26 of 1st period - Penalty to Charlie McAvoy is over, Charlie McAvoy is back on ice.
2:36 of 1st period - Wrist shot by Charlie McAvoy.
2:36 of 1st period - Shot Misses the Net.
2:51 of 1st period - Drew Doughty is hit by Joe Veleno and loses puck.
3:48 of 1st period - Icing by Nic Dowd.
3:49 of 1st period - Nic Dowd wins face-off versus Dylan Gambrell in Calgary Flames zone.
3:49 of 1st period - Nic Dowd is hit by Mathieu Olivier.
4:00 of 1st period - Wrist shot by Tyson Barrie.
4:00 of 1st period - Shot Misses the Net.
4:23 of 1st period - Slapshot by Matthew Tkachuk.
4:23 of 1st period - Shot Misses the Net.
4:39 of 1st period - Snap shot by Logan Couture.
4:39 of 1st period - Stopped by Pyotr Kochetkov without a rebound.
4:40 of 1st period - Logan Couture wins face-off versus Joe Veleno in Boston Bruins zone.
4:45 of 1st period - Slapshot by Logan Couture.
4:45 of 1st period - Deflect By Rafael Harvey-Pinard.
4:45 of 1st period - Shot Misses the Net.
4:45 of 1st period - Puck is out of play.
4:46 of 1st period - Sebastian Aho wins face-off versus Joe Veleno in Boston Bruins zone.
4:47 of 1st period - Snap shot by Zach Hyman.
4:47 of 1st period - Goal by Zach Hyman - Boston Bruins : 0 - Calgary Flames : 1.
4:48 of 1st period - Sebastian Aho wins face-off versus Joe Veleno in neutral zone.
4:59 of 1st period - Ryan McDonagh is hit by Joe Veleno and loses puck.
5:14 of 1st period - Anthony Beauvillier is hit by Valeri Nichushkin and loses puck.
5:33 of 1st period - Minor Penalty to Matthew Tkachuk for High sticking.
5:34 of 1st period - Joel Eriksson Ek wins face-off versus Pavel Zacha in Calgary Flames zone.
6:07 of 1st period - Drew Doughty is hit by Anthony Beauvillier and loses puck.
7:33 of 1st period - Penalty to Matthew Tkachuk is over, Matthew Tkachuk is back on ice.
8:17 of 1st period - Snap shot by Matthew Tkachuk.
8:17 of 1st period - Shot Misses the Net.
8:40 of 1st period - Slapshot by Matthew Tkachuk.
8:40 of 1st period - Shot Misses the Net.
8:42 of 1st period - Slapshot by Michael Anderson.
8:42 of 1st period - Stopped by Pyotr Kochetkov with a rebound.
8:44 of 1st period - Snap shot by Joel Eriksson Ek.
8:44 of 1st period - Shot Blocked by Victor Mete.
8:54 of 1st period - Wrist shot by Matthew Tkachuk.
8:54 of 1st period - Stopped by Pyotr Kochetkov without a rebound.
8:55 of 1st period - Ryan Donato wins face-off versus Logan Couture in Boston Bruins zone.
9:04 of 1st period - Wrist shot by Joel Farabee.
9:04 of 1st period - Shot Blocked by Ryan McDonagh.
9:22 of 1st period - Jacob Peterson is hit by Brandon Hagel.
10:15 of 1st period - Anthony Beauvillier is hit by Mathieu Joseph and loses puck.
10:28 of 1st period - Phil Kessel is hit by Jeff Petry.
10:40 of 1st period - Wrist shot by Joe Veleno.
10:40 of 1st period - Shot Blocked by Drew Doughty.
10:42 of 1st period - Slapshot by Samuel Girard.
10:42 of 1st period - Stopped by Ilya Sorokin without a rebound.
10:43 of 1st period - J.T. Miller wins face-off versus Joe Veleno in Calgary Flames zone.
10:48 of 1st period - Valeri Nichushkin is hit by Sean Durzi and loses puck.
11:59 of 1st period - Tyson Barrie is hit by Kris Letang and loses puck.
12:51 of 1st period - Matt Grzelcyk is hit by Sebastian Aho and loses puck.
13:06 of 1st period - Wrist shot by John-Jason Peterka.
13:06 of 1st period - Deflect By Rasmus Andersson.
13:06 of 1st period - Stopped by Ilya Sorokin without a rebound.
13:07 of 1st period - John-Jason Peterka wins face-off versus Logan Couture in Calgary Flames zone.
13:08 of 1st period - Snap shot by Joe Veleno.
13:08 of 1st period - Stopped by Ilya Sorokin with a rebound.
13:10 of 1st period - Slapshot by Nicholas Merkley.
13:10 of 1st period - Stopped by Ilya Sorokin with a rebound.
13:12 of 1st period - Wrist shot by Samuel Girard.
13:12 of 1st period - Shot Misses the Net.
13:14 of 1st period - Slapshot by John-Jason Peterka.
13:14 of 1st period - Deflect By Joe Veleno.
13:14 of 1st period - Shot Blocked by Rasmus Andersson.
13:14 of 1st period - Puck is out of play.
13:15 of 1st period - Sebastian Aho wins face-off versus Ryan Donato in Calgary Flames zone.
13:28 of 1st period - Slapshot by Zach Hyman.
13:28 of 1st period - Shot Blocked by Joel Farabee.
13:30 of 1st period - Snap shot by Ryan McDonagh.
13:30 of 1st period - Deflect By Joel Eriksson Ek.
13:30 of 1st period - Stopped by Pyotr Kochetkov with a rebound.
13:32 of 1st period - Slapshot by Ryan McDonagh.
13:32 of 1st period - Shot Misses the Net.
13:42 of 1st period - Pavel Zacha is hit by Jeff Petry and loses puck.
13:56 of 1st period - Minor Penalty to Timo Meier for Holding.
13:57 of 1st period - Ryan Donato wins face-off versus Nic Dowd in Calgary Flames zone.
14:11 of 1st period - Snap shot by Joel Farabee.
14:11 of 1st period - Goal by Joel Farabee - Boston Bruins : 1 - Calgary Flames : 1.
14:12 of 1st period - Sebastian Aho wins face-off versus Ryan Donato in neutral zone.
14:21 of 1st period - Snap shot by Zach Hyman.
14:21 of 1st period - Shot Hit the Post.
14:37 of 1st period - Kris Letang is hit by Brandon Hagel and loses puck.
15:02 of 1st period - Snap shot by Nic Dowd.
15:02 of 1st period - Shot Misses the Net.
15:04 of 1st period - Slapshot by Nic Dowd.
15:04 of 1st period - Stopped by Pyotr Kochetkov with a rebound.
15:06 of 1st period - Slapshot by Rasmus Andersson.
15:06 of 1st period - Deflect By Nic Dowd.
15:06 of 1st period - Stopped by Pyotr Kochetkov without a rebound.
15:07 of 1st period - Sebastian Aho wins face-off versus Ryan Donato in Boston Bruins zone.
15:20 of 1st period - Snap shot by Zach Hyman.
15:20 of 1st period - Shot Misses the Net.
15:38 of 1st period - Snap shot by Timo Meier.
15:38 of 1st period - Deflect By Nicholas Merkley.
15:38 of 1st period - Stopped by Pyotr Kochetkov with a rebound.
15:54 of 1st period - Off-side.
15:55 of 1st period - Pavel Zacha wins face-off versus J.T. Miller in neutral zone.
16:02 of 1st period - Snap shot by Phil Kessel.
16:02 of 1st period - Shot Misses the Net.
16:39 of 1st period - Minor Penalty to Joel Farabee for Hooking.
16:40 of 1st period - Brandon Hagel wins face-off versus Sebastian Aho in Boston Bruins zone.
18:36 of 1st period - Tyson Barrie is hit by Matthew Tkachuk and loses puck.
18:39 of 1st period - Penalty to Joel Farabee is over, Joel Farabee is back on ice.
18:47 of 1st period - Tyson Barrie is hit by Nic Dowd and loses puck.
18:54 of 1st period - Ryan McDonagh is hit by Austin Wagner and loses puck.
19:06 of 1st period - Off-side.
19:07 of 1st period - Joe Veleno wins face-off versus Logan Couture in neutral zone.
19:17 of 1st period - Icing by Rasmus Andersson.
19:18 of 1st period - Logan Couture wins face-off versus Pavel Zacha in Calgary Flames zone.
19:31 of 1st period - Snap shot by Timo Meier.
19:31 of 1st period - Shot Blocked by Victor Mete.
19:33 of 1st period - Slapshot by Timo Meier.
19:33 of 1st period - Deflect By Logan Couture.
19:33 of 1st period - Shot Misses the Net.
19:33 of 1st period - Puck is out of play.
19:34 of 1st period - Sebastian Aho wins face-off versus Ryan Donato in Boston Bruins zone.
19:47 of 1st period - Wrist shot by Joel Farabee.
19:47 of 1st period - Shot Blocked by Drew Doughty.
19:55 of 1st period - Minor Penalty to Joel Eriksson Ek for Tripping.
19:56 of 1st period - Mathieu Joseph wins face-off versus Pavel Zacha in Calgary Flames zone.
Goals for this period are 1 for Boston Bruins vs 1 for Calgary Flames.
Shots for this period are 5 for Boston Bruins vs 8 for Calgary Flames.
2nd period
0:01 of 2nd period - Pavel Zacha wins face-off versus Mathieu Joseph in neutral zone.
0:06 of 2nd period - Wrist shot by Brandon Hagel.
0:06 of 2nd period - Stopped by Ilya Sorokin without a rebound.
0:07 of 2nd period - Pavel Zacha wins face-off versus Rafael Harvey-Pinard in Calgary Flames zone.
0:10 of 2nd period - Backhand shot by Phil Kessel.
0:10 of 2nd period - Stopped by Ilya Sorokin with a rebound.
0:12 of 2nd period - Slapshot by Samuel Girard.
0:12 of 2nd period - Shot Blocked by Jeff Petry.
0:14 of 2nd period - Snap shot by Phil Kessel.
0:14 of 2nd period - Stopped by Ilya Sorokin without a rebound.
0:15 of 2nd period - Ryan Donato wins face-off versus Nic Dowd in Calgary Flames zone.
0:18 of 2nd period - Snap shot by Joel Farabee.
0:18 of 2nd period - Stopped by Ilya Sorokin with a rebound.
0:20 of 2nd period - Wrist shot by Ryan Donato.
0:20 of 2nd period - Shot Misses the Net.
0:22 of 2nd period - Snap shot by Tyson Barrie.
0:22 of 2nd period - Shot Misses the Net.
0:24 of 2nd period - Slapshot by Tyson Barrie.
0:24 of 2nd period - Stopped by Ilya Sorokin with a rebound.
0:26 of 2nd period - Snap shot by Anthony Beauvillier.
0:26 of 2nd period - Stopped by Ilya Sorokin without a rebound.
0:27 of 2nd period - Mathieu Joseph wins face-off versus Pavel Zacha in Calgary Flames zone.
0:31 of 2nd period - Off-side.
0:32 of 2nd period - Mathieu Joseph wins face-off versus Pavel Zacha in neutral zone.
1:05 of 2nd period - Slapshot by Samuel Girard.
1:05 of 2nd period - Stopped by Ilya Sorokin with a rebound.
1:07 of 2nd period - Snap shot by Brandon Hagel.
1:07 of 2nd period - Shot Misses the Net.
1:13 of 2nd period - Slapshot by Phil Kessel.
1:13 of 2nd period - Shot Misses the Net.
1:17 of 2nd period - Snap shot by Pavel Zacha.
1:17 of 2nd period - Shot Blocked by Drew Doughty.
1:19 of 2nd period - Snap shot by Samuel Girard.
1:19 of 2nd period - Deflect By Brandon Hagel.
1:19 of 2nd period - Shot Blocked by Sebastian Aho.
1:19 of 2nd period - Puck is out of play.
1:20 of 2nd period - Nic Dowd wins face-off versus Ryan Donato in Calgary Flames zone.
1:55 of 2nd period - Penalty to Joel Eriksson Ek is over, Joel Eriksson Ek is back on ice.
1:59 of 2nd period - Snap shot by Sebastian Aho.
1:59 of 2nd period - Shot Blocked by Charlie McAvoy.
2:28 of 2nd period - Minor Penalty to Austin Wagner for High sticking.
2:29 of 2nd period - J.T. Miller wins face-off versus Brandon Hagel in Boston Bruins zone.
2:35 of 2nd period - Wrist shot by Valeri Nichushkin.
2:35 of 2nd period - Shot Misses the Net.
2:37 of 2nd period - Slapshot by Jeff Petry.
2:37 of 2nd period - Shot Blocked by Sean Durzi.
2:39 of 2nd period - Slapshot by Jeff Petry.
2:39 of 2nd period - Stopped by Pyotr Kochetkov with a rebound.
2:41 of 2nd period - Slapshot by Jeff Petry.
2:41 of 2nd period - Shot Misses the Net.
2:43 of 2nd period - Snap shot by J.T. Miller.
2:43 of 2nd period - Deflect By Valeri Nichushkin.
2:43 of 2nd period - Shot Misses the Net.
2:43 of 2nd period - Puck is out of play.
2:44 of 2nd period - Sebastian Aho wins face-off versus Phil Kessel in Boston Bruins zone.
2:49 of 2nd period - Snap shot by Timo Meier.
2:49 of 2nd period - Stopped by Pyotr Kochetkov without a rebound.
2:50 of 2nd period - Sebastian Aho wins face-off versus Phil Kessel in Boston Bruins zone.
2:55 of 2nd period - Slapshot by Sebastian Aho.
2:55 of 2nd period - Goal by Sebastian Aho - Boston Bruins : 1 - Calgary Flames : 2.
2:56 of 2nd period - Pavel Zacha wins face-off versus Sebastian Aho in neutral zone.
3:09 of 2nd period - Wrist shot by Zach Hyman.
3:09 of 2nd period - Stopped by Pyotr Kochetkov with a rebound.
3:11 of 2nd period - Slapshot by Jeff Petry.
3:11 of 2nd period - Stopped by Pyotr Kochetkov without a rebound.
3:12 of 2nd period - Ryan Donato wins face-off versus Logan Couture in Boston Bruins zone.
3:19 of 2nd period - Wrist shot by Anthony Beauvillier.
3:19 of 2nd period - Shot Blocked by Ryan McDonagh.
3:24 of 2nd period - Off-side.
3:25 of 2nd period - Sebastian Aho wins face-off versus Pavel Zacha in neutral zone.
3:30 of 2nd period - Slapshot by Zach Hyman.
3:30 of 2nd period - Shot Misses the Net.
3:38 of 2nd period - Ryan McDonagh is hit by Phil Kessel and loses puck.
3:56 of 2nd period - Snap shot by Timo Meier.
3:56 of 2nd period - Stopped by Pyotr Kochetkov without a rebound.
3:57 of 2nd period - Logan Couture wins face-off versus Ryan Donato in Boston Bruins zone.
4:10 of 2nd period - Wrist shot by Timo Meier.
4:10 of 2nd period - Stopped by Pyotr Kochetkov without a rebound.
4:11 of 2nd period - Sebastian Aho wins face-off versus Pavel Zacha in Boston Bruins zone.
4:16 of 2nd period - Snap shot by Zach Hyman.
4:16 of 2nd period - Stopped by Pyotr Kochetkov with a rebound.
4:18 of 2nd period - Snap shot by Kris Letang.
4:18 of 2nd period - Shot Blocked by Charlie McAvoy.
4:20 of 2nd period - Slapshot by Kris Letang.
4:20 of 2nd period - Shot Misses the Net.
4:22 of 2nd period - Slapshot by Drew Doughty.
4:22 of 2nd period - Stopped by Pyotr Kochetkov with a rebound.
4:24 of 2nd period - Snap shot by Zach Hyman.
4:24 of 2nd period - Stopped by Pyotr Kochetkov with a rebound.
4:26 of 2nd period - Snap shot by Zach Hyman.
4:26 of 2nd period - Stopped by Pyotr Kochetkov with a rebound.
4:28 of 2nd period - Backhand shot by Kris Letang.
4:28 of 2nd period - Shot Blocked by Tyson Barrie.
4:43 of 2nd period - Snap shot by Pavel Zacha.
4:43 of 2nd period - Stopped by Ilya Sorokin with a rebound.
4:53 of 2nd period - Snap shot by Pavel Zacha.
4:53 of 2nd period - Shot Blocked by Drew Doughty.
4:53 of 2nd period - Drew Doughty from Calgary Flames is injured at 4:53 of 2nd period (Left Leg).
4:54 of 2nd period - Nicholas Merkley wins face-off versus Sebastian Aho in Calgary Flames zone.
4:55 of 2nd period - Backhand shot by John-Jason Peterka.
4:55 of 2nd period - Shot Blocked by Ryan McDonagh.
5:03 of 2nd period - Snap shot by Joel Eriksson Ek.
5:03 of 2nd period - Shot Blocked by Tyson Barrie.
5:05 of 2nd period - Slapshot by Ryan McDonagh.
5:05 of 2nd period - Shot Blocked by Charlie McAvoy.
5:27 of 2nd period - Snap shot by Joel Farabee.
5:27 of 2nd period - Stopped by Ilya Sorokin without a rebound.
5:28 of 2nd period - Ryan Donato wins face-off versus J.T. Miller in Calgary Flames zone.
5:35 of 2nd period - Snap shot by Anthony Beauvillier.
5:35 of 2nd period - Stopped by Ilya Sorokin with a rebound.
5:37 of 2nd period - Slapshot by Samuel Girard.
5:37 of 2nd period - Stopped by Ilya Sorokin without a rebound.
5:38 of 2nd period - Ryan Donato wins face-off versus Joel Eriksson Ek in Calgary Flames zone.
6:16 of 2nd period - Snap shot by J.T. Miller.
6:16 of 2nd period - Shot Blocked by Tyson Barrie.
6:35 of 2nd period - Slapshot by Jeff Petry.
6:35 of 2nd period - Shot Blocked by Tyson Barrie.
6:37 of 2nd period - Slapshot by Jeff Petry.
6:37 of 2nd period - Shot Misses the Net.
6:49 of 2nd period - Slapshot by Charlie McAvoy.
6:49 of 2nd period - Shot Misses the Net.
6:51 of 2nd period - Minor Penalty to Nic Dowd for Cross-checking.
6:52 of 2nd period - Sebastian Aho wins face-off versus Ryan Donato in Calgary Flames zone.
6:52 of 2nd period - Sebastian Aho is hit by Anthony Beauvillier.
7:25 of 2nd period - Slapshot by Charlie McAvoy.
7:25 of 2nd period - Stopped by Ilya Sorokin without a rebound.
7:26 of 2nd period - Joel Eriksson Ek wins face-off versus Phil Kessel in Calgary Flames zone.
7:59 of 2nd period - Rafael Harvey-Pinard is hit by Joel Farabee and loses puck.
8:51 of 2nd period - Penalty to Nic Dowd is over, Nic Dowd is back on ice.
8:58 of 2nd period - Joe Veleno is hit by Rasmus Andersson and loses puck.
10:29 of 2nd period - Logan Couture is hit by Mathieu Olivier and loses puck.
10:46 of 2nd period - Wrist shot by Sebastian Aho.
10:46 of 2nd period - Stopped by Pyotr Kochetkov with a rebound.
11:02 of 2nd period - Michael Anderson is hit by Ryan Donato and loses puck.
11:11 of 2nd period - Ryan Donato is hit by Valeri Nichushkin and loses puck.
11:44 of 2nd period - Victor Mete is hit by Timo Meier and loses puck.
12:18 of 2nd period - Sean Durzi is hit by Zach Hyman and loses puck.
12:39 of 2nd period - J.T. Miller is hit by Anthony Beauvillier and loses puck.
13:10 of 2nd period - Logan Couture is hit by Mathieu Olivier and loses puck.
13:18 of 2nd period - Icing by Jeff Petry.
13:19 of 2nd period - Logan Couture wins face-off versus Ryan Donato in Calgary Flames zone.
13:32 of 2nd period - Snap shot by Anthony Beauvillier.
13:32 of 2nd period - Shot Misses the Net.
14:38 of 2nd period - Slapshot by Samuel Girard.
14:38 of 2nd period - Shot Misses the Net.
14:52 of 2nd period - Snap shot by Joel Farabee.
14:52 of 2nd period - Stopped by Ilya Sorokin with a rebound.
14:54 of 2nd period - Slapshot by Victor Mete.
14:54 of 2nd period - Shot Misses the Net.
14:56 of 2nd period - Snap shot by Anthony Beauvillier.
14:56 of 2nd period - Shot Misses the Net.
14:58 of 2nd period - Slapshot by Victor Mete.
14:58 of 2nd period - Shot Misses the Net.
15:00 of 2nd period - Snap shot by Victor Mete.
15:00 of 2nd period - Stopped by Ilya Sorokin without a rebound.
15:01 of 2nd period - Pavel Zacha wins face-off versus Sebastian Aho in Calgary Flames zone.
15:04 of 2nd period - Snap shot by Pavel Zacha.
15:04 of 2nd period - Stopped by Ilya Sorokin with a rebound.
15:06 of 2nd period - Slapshot by Samuel Girard.
15:06 of 2nd period - Deflect By Pavel Zacha.
15:06 of 2nd period - Shot Misses the Net.
15:06 of 2nd period - Puck is out of play.
15:07 of 2nd period - Pavel Zacha wins face-off versus Sebastian Aho in Calgary Flames zone.
15:14 of 2nd period - Snap shot by Phil Kessel.
15:14 of 2nd period - Deflect By Jeff Petry.
15:14 of 2nd period - Shot Blocked by Jeff Petry.
15:14 of 2nd period - Puck is out of play.
15:15 of 2nd period - Sebastian Aho wins face-off versus Ryan Donato in Calgary Flames zone.
15:15 of 2nd period - Sebastian Aho is hit by Charlie McAvoy.
16:21 of 2nd period - Kris Letang is hit by Mathieu Olivier and loses puck.
16:41 of 2nd period - Wrist shot by Joel Farabee.
16:41 of 2nd period - Shot Misses the Net.
16:43 of 2nd period - Slapshot by Victor Mete.
16:43 of 2nd period - Deflect By Joel Farabee.
16:43 of 2nd period - Shot Misses the Net.
16:43 of 2nd period - Puck is out of play.
16:44 of 2nd period - Zach Hyman wins face-off versus Anthony Beauvillier in Calgary Flames zone.
17:15 of 2nd period - Snap shot by Zach Hyman.
17:15 of 2nd period - Shot Misses the Net.
17:21 of 2nd period - Snap shot by Anthony Beauvillier.
17:21 of 2nd period - Stopped by Ilya Sorokin with a rebound.
17:23 of 2nd period - Wrist shot by Joel Farabee.
17:23 of 2nd period - Stopped by Ilya Sorokin with a rebound.
17:25 of 2nd period - Snap shot by Joel Farabee.
17:25 of 2nd period - Shot Misses the Net.
17:27 of 2nd period - Wrist shot by Anthony Beauvillier.
17:27 of 2nd period - Shot Misses the Net.
17:29 of 2nd period - Snap shot by Ryan Donato.
17:29 of 2nd period - Stopped by Ilya Sorokin without a rebound.
17:30 of 2nd period - J.T. Miller wins face-off versus Pavel Zacha in Calgary Flames zone.
17:47 of 2nd period - Matthew Tkachuk is hit by Phil Kessel and loses puck.
18:07 of 2nd period - Wrist shot by Logan Couture.
18:07 of 2nd period - Deflect By Victor Mete.
18:07 of 2nd period - Shot Misses the Net.
18:07 of 2nd period - Puck is out of play.
18:08 of 2nd period - Logan Couture wins face-off versus Joe Veleno in Boston Bruins zone.
18:17 of 2nd period - Nicholas Merkley is hit by Timo Meier and loses puck.
18:24 of 2nd period - Slapshot by Victor Mete.
18:24 of 2nd period - Stopped by Ilya Sorokin with a rebound.
18:43 of 2nd period - Snap shot by Valeri Nichushkin.
18:43 of 2nd period - Stopped by Pyotr Kochetkov with a rebound.
18:59 of 2nd period - Snap shot by Anthony Beauvillier.
18:59 of 2nd period - Shot Blocked by Rasmus Andersson.
19:01 of 2nd period - Snap shot by Ryan Donato.
19:01 of 2nd period - Stopped by Ilya Sorokin with a rebound.
19:15 of 2nd period - Jacob Peterson is hit by Samuel Girard and loses puck.
19:24 of 2nd period - Mathieu Joseph is hit by Mathieu Olivier and loses puck.
19:35 of 2nd period - Snap shot by Logan Couture.
19:35 of 2nd period - Stopped by Pyotr Kochetkov with a rebound.
Goals for this period are 0 for Boston Bruins vs 1 for Calgary Flames.
Shots for this period are 20 for Boston Bruins vs 14 for Calgary Flames.
3rd period
0:01 of 3rd period - J.T. Miller wins face-off versus Ryan Donato in neutral zone.
0:32 of 3rd period - Snap shot by Zach Hyman.
0:32 of 3rd period - Shot Blocked by Sean Durzi.
0:34 of 3rd period - Backhand shot by Sebastian Aho.
0:34 of 3rd period - Deflect By Zach Hyman.
0:34 of 3rd period - Stopped by Pyotr Kochetkov with a rebound.
0:54 of 3rd period - Michael Anderson is hit by Joe Veleno and loses puck.
1:17 of 3rd period - Slapshot by Samuel Girard.
1:17 of 3rd period - Shot Hit the Post.
1:19 of 3rd period - Wrist shot by Dylan Gambrell.
1:19 of 3rd period - Goal by Dylan Gambrell - Boston Bruins : 2 - Calgary Flames : 2.
1:20 of 3rd period - Sebastian Aho wins face-off versus Ryan Donato in neutral zone.
1:23 of 3rd period - Ryan Donato is hit by Joel Eriksson Ek and loses puck.
1:53 of 3rd period - Minor Penalty to Charlie McAvoy for High sticking.
1:54 of 3rd period - Zach Hyman wins face-off versus Brandon Hagel in Boston Bruins zone.
2:00 of 3rd period - Wrist shot by Sebastian Aho.
2:00 of 3rd period - Deflect By Timo Meier.
2:00 of 3rd period - Shot Blocked by Samuel Girard.
2:00 of 3rd period - Puck is out of play.
2:01 of 3rd period - Sebastian Aho wins face-off versus Brandon Hagel in Boston Bruins zone.
2:09 of 3rd period - Icing by Timo Meier.
2:10 of 3rd period - Phil Kessel wins face-off versus Sebastian Aho in Calgary Flames zone.
2:11 of 3rd period - Wrist shot by Anthony Beauvillier.
2:11 of 3rd period - Stopped by Ilya Sorokin with a rebound.
2:27 of 3rd period - Wrist shot by Timo Meier.
2:27 of 3rd period - Stopped by Pyotr Kochetkov with a rebound.
2:29 of 3rd period - Backhand shot by Rasmus Andersson.
2:29 of 3rd period - Stopped by Pyotr Kochetkov with a rebound.
3:12 of 3rd period - Slapshot by Timo Meier.
3:12 of 3rd period - Shot Blocked by Pavel Zacha.
3:14 of 3rd period - Snap shot by Sebastian Aho.
3:14 of 3rd period - Shot Misses the Net.
3:16 of 3rd period - Wrist shot by Kris Letang.
3:16 of 3rd period - Shot Blocked by Sean Durzi.
3:44 of 3rd period - Wrist shot by Zach Hyman.
3:44 of 3rd period - Shot Misses the Net.
3:46 of 3rd period - Snap shot by Zach Hyman.
3:46 of 3rd period - Shot Misses the Net.
3:48 of 3rd period - Slapshot by Sebastian Aho.
3:48 of 3rd period - Shot Blocked by Tyson Barrie.
3:50 of 3rd period - Snap shot by Zach Hyman.
3:50 of 3rd period - Shot Misses the Net.
3:52 of 3rd period - Slapshot by Kris Letang.
3:52 of 3rd period - Shot Blocked by Phil Kessel.
3:53 of 3rd period - Penalty to Charlie McAvoy is over, Charlie McAvoy is back on ice.
4:00 of 3rd period - Snap shot by Zach Hyman.
4:00 of 3rd period - Stopped by Pyotr Kochetkov without a rebound.
4:01 of 3rd period - J.T. Miller wins face-off versus Joe Veleno in Boston Bruins zone.
4:44 of 3rd period - Jeff Petry is hit by Sean Durzi and loses puck.
5:01 of 3rd period - Nicholas Merkley is hit by Nic Dowd.
5:15 of 3rd period - Backhand shot by Jeff Petry.
5:15 of 3rd period - Stopped by Pyotr Kochetkov with a rebound.
5:27 of 3rd period - Wrist shot by Nic Dowd.
5:27 of 3rd period - Shot Misses the Net.
5:41 of 3rd period - Slapshot by Sean Durzi.
5:41 of 3rd period - Stopped by Ilya Sorokin with a rebound.
5:43 of 3rd period - Slapshot by Nicholas Merkley.
5:43 of 3rd period - Deflect By Mathieu Joseph.
5:43 of 3rd period - Stopped by Ilya Sorokin with a rebound.
5:56 of 3rd period - Slapshot by Ryan McDonagh.
5:56 of 3rd period - Shot Blocked by Sean Durzi.
6:44 of 3rd period - Snap shot by John-Jason Peterka.
6:44 of 3rd period - Stopped by Ilya Sorokin without a rebound.
6:45 of 3rd period - J.T. Miller wins face-off versus Pavel Zacha in Calgary Flames zone.
6:45 of 3rd period - J.T. Miller is hit by Brandon Hagel.
7:18 of 3rd period - Snap shot by Charlie McAvoy.
7:18 of 3rd period - Stopped by Ilya Sorokin with a rebound.
7:28 of 3rd period - Joel Farabee is hit by Logan Couture and loses puck.
7:39 of 3rd period - Slapshot by Tyson Barrie.
7:39 of 3rd period - Stopped by Ilya Sorokin without a rebound.
7:40 of 3rd period - Sebastian Aho wins face-off versus Dylan Gambrell in Calgary Flames zone.
7:40 of 3rd period - Sebastian Aho is hit by Mathieu Olivier.
8:28 of 3rd period - Snap shot by Valeri Nichushkin.
8:28 of 3rd period - Deflect By Joel Eriksson Ek.
8:28 of 3rd period - Stopped by Pyotr Kochetkov without a rebound.
8:29 of 3rd period - J.T. Miller wins face-off versus Ryan Donato in Boston Bruins zone.
8:30 of 3rd period - Wrist shot by Valeri Nichushkin.
8:30 of 3rd period - Stopped by Pyotr Kochetkov with a rebound.
8:36 of 3rd period - Slapshot by Joel Eriksson Ek.
8:36 of 3rd period - Deflect By Anthony Beauvillier.
8:36 of 3rd period - Shot Misses the Net.
8:36 of 3rd period - Puck is out of play.
8:37 of 3rd period - Sebastian Aho wins face-off versus Ryan Donato in Boston Bruins zone.
8:46 of 3rd period - Wrist shot by Joel Farabee.
8:46 of 3rd period - Stopped by Ilya Sorokin with a rebound.
9:06 of 3rd period - Backhand shot by Pavel Zacha.
9:06 of 3rd period - Stopped by Ilya Sorokin without a rebound.
9:07 of 3rd period - Logan Couture wins face-off versus Pavel Zacha in Calgary Flames zone.
9:32 of 3rd period - Joel Farabee is hit by J.T. Miller and loses puck.
9:41 of 3rd period - Wrist shot by Valeri Nichushkin.
9:41 of 3rd period - Stopped by Pyotr Kochetkov with a rebound.
9:43 of 3rd period - Snap shot by Ryan McDonagh.
9:43 of 3rd period - Stopped by Pyotr Kochetkov without a rebound.
9:44 of 3rd period - Pavel Zacha wins face-off versus Sebastian Aho in Boston Bruins zone.
10:12 of 3rd period - Icing by Ryan Donato.
10:13 of 3rd period - J.T. Miller wins face-off versus Ryan Donato in Boston Bruins zone.
10:50 of 3rd period - Slapshot by Tyson Barrie.
10:50 of 3rd period - Deflect By Ryan Donato.
10:50 of 3rd period - Stopped by Ilya Sorokin without a rebound.
10:51 of 3rd period - Sebastian Aho wins face-off versus Pavel Zacha in Calgary Flames zone.
11:18 of 3rd period - Logan Couture is hit by John-Jason Peterka and loses puck.
12:07 of 3rd period - Snap shot by Valeri Nichushkin.
12:07 of 3rd period - Stopped by Pyotr Kochetkov without a rebound.
12:08 of 3rd period - Sebastian Aho wins face-off versus Pavel Zacha in Boston Bruins zone.
12:46 of 3rd period - Snap shot by Logan Couture.
12:46 of 3rd period - Stopped by Pyotr Kochetkov without a rebound.
12:47 of 3rd period - J.T. Miller wins face-off versus Joe Veleno in Boston Bruins zone.
12:48 of 3rd period - Snap shot by Matthew Tkachuk.
12:48 of 3rd period - Shot Blocked by Tyson Barrie.
12:56 of 3rd period - Snap shot by Valeri Nichushkin.
12:56 of 3rd period - Shot Misses the Net.
13:14 of 3rd period - Timo Meier is hit by Tyson Barrie and loses puck.
13:56 of 3rd period - Jeff Petry is hit by Sean Durzi and loses puck.
15:07 of 3rd period - Slapshot by Zach Hyman.
15:07 of 3rd period - Shot Misses the Net.
15:09 of 3rd period - Snap shot by Zach Hyman.
15:09 of 3rd period - Deflect By Sebastian Aho.
15:09 of 3rd period - Shot Blocked by Matt Grzelcyk.
15:09 of 3rd period - Puck is out of play.
15:10 of 3rd period - Joe Veleno wins face-off versus J.T. Miller in Boston Bruins zone.
15:10 of 3rd period - Joe Veleno is hit by Kris Letang.
15:20 of 3rd period - Slapshot by Charlie McAvoy.
15:20 of 3rd period - Shot Misses the Net.
15:22 of 3rd period - Snap shot by John-Jason Peterka.
15:22 of 3rd period - Shot Blocked by Matthew Tkachuk.
15:24 of 3rd period - Wrist shot by Nicholas Merkley.
15:24 of 3rd period - Goal by Nicholas Merkley - Boston Bruins : 3 - Calgary Flames : 2.
15:25 of 3rd period - Logan Couture wins face-off versus Dylan Gambrell in neutral zone.
15:57 of 3rd period - Wrist shot by Zach Hyman.
15:57 of 3rd period - Stopped by Pyotr Kochetkov with a rebound.
15:59 of 3rd period - Slapshot by Jeff Petry.
15:59 of 3rd period - Stopped by Pyotr Kochetkov without a rebound.
16:00 of 3rd period - J.T. Miller wins face-off versus Joe Veleno in Boston Bruins zone.
16:11 of 3rd period - Wrist shot by Matthew Tkachuk.
16:11 of 3rd period - Stopped by Pyotr Kochetkov with a rebound.
16:13 of 3rd period - Snap shot by Valeri Nichushkin.
16:13 of 3rd period - Stopped by Pyotr Kochetkov without a rebound.
16:14 of 3rd period - Pavel Zacha wins face-off versus Logan Couture in Boston Bruins zone.
17:01 of 3rd period - Minor Penalty to Michael Anderson for Hooking.
17:02 of 3rd period - Joel Eriksson Ek wins face-off versus Ryan Donato in Calgary Flames zone.
17:10 of 3rd period - Ryan Donato is hit by Jeff Petry and loses puck.
19:01 of 3rd period - Penalty to Michael Anderson is over, Michael Anderson is back on ice.
19:02 of 3rd period - Wrist shot by Brandon Hagel.
19:02 of 3rd period - Stopped by Ilya Sorokin with a rebound.
19:14 of 3rd period - Mathieu Joseph is hit by Nicholas Merkley and loses puck.
19:25 of 3rd period - Calgary Flames, Ilya Sorokin is pulled from the net.
19:25 of 3rd period - Slapshot by Kris Letang.
19:25 of 3rd period - Stopped by Pyotr Kochetkov without a rebound.
19:26 of 3rd period - Bruce Boudreau call a timeout for Calgary Flames.
19:26 of 3rd period - John-Jason Peterka wins face-off versus J.T. Miller in Boston Bruins zone.
19:51 of 3rd period - Snap shot by Sebastian Aho.
19:51 of 3rd period - Stopped by Pyotr Kochetkov without a rebound.
19:52 of 3rd period - J.T. Miller wins face-off versus John-Jason Peterka in Boston Bruins zone.
19:57 of 3rd period - Wrist shot by Matthew Tkachuk.
19:57 of 3rd period - Stopped by Pyotr Kochetkov without a rebound.
19:58 of 3rd period - John-Jason Peterka wins face-off versus J.T. Miller in Boston Bruins zone.
Goals for this period are 2 for Boston Bruins vs 0 for Calgary Flames.
Shots for this period are 12 for Boston Bruins vs 18 for Calgary Flames.
Back to the Top